 Dungeon Crawl Stone Soup version 0.24-a0-611-gfb3efd0 (webtiles) character file.

Game seed: 4153709965952483531, levelgen mode: deterministic

11811 Dorkslayer the Fighter (level 11, -1/78 HPs)
             Began as an Octopode Fighter on Sept 9, 2019.
             Was a Priest of Dithmenos.
             Slain by a death yak (28 damage)
             ... on level 10 of the Dungeon.
             The game lasted 00:57:43 (10739 turns).

Dorkslayer the Fighter (Octopode Fighter)          Turns: 10739, Time: 00:57:43

Health: -1/78      AC:  2    Str: 24    XL:     11   Next: 83%
Magic:  17/17      EV: 15    Int: 11    God:    Dithmenos [***...]
Gold:   547        SH:  0    Dex: 11    Spells: 11/18 levels left

rFire    + . .     SeeInvis .   w - +8 dire flail "Larelaog" {flame, rF+ MR- Str+5}
rCold    . . .     Gourm    .   (shield currently unavailable)
rNeg     . . .     Faith    .   c - +1 hat
rPois    .         Spirit   .   s - amulet of rage
rElec    .         Reflect  .   B - ring of resist corrosion
rCorr    +         Harm     .   (no ring)
MR       .....                  (no ring)
Stlth    ++++++....             (no ring)
HPRegen  0.23/turn              (no ring)
MPRegen  0.15/turn              (no ring)
                                (no ring)
                                (no ring)

@: wreathed by umbra
A: almost no armour, stealthy swim, amphibious, 8 rings, constrict 8, camouflage
1, gelatinous body 1
a: Shadow Step, Renounce Religion, Evoke Berserk Rage


You were on level 10 of the Dungeon.
You worshipped Dithmenos.
Dithmenos was most pleased with you.
You were full.

You visited 2 branches of the dungeon, and saw 11 of its levels.
You also visited: Sewer and Ossuary.

You collected 547 gold pieces.

Inventory:

Hand Weapons
 a - a +3 long sword
 w - the +8 dire flail "Larelaog" (weapon) {flame, rF+ MR- Str+5}
   (You took it off an ogre on level 5 of the Dungeon)

   It has been specially enchanted to burn those struck by it, causing extra
   injury to most foes and up to half again as much damage against particularly
   susceptible opponents.
   It affects your strength (+5).
   It protects you from fire.
   It affects your resistance to hostile enchantments.
 y - a +2 short sword of electrocution
Missiles
 n - 2 throwing nets
 o - 13 poisoned darts
 z - 8 boomerangs (quivered)
Armour
 c - a +1 hat (worn)
 E - a +4 shield of protection
Jewellery
 e - an uncursed amulet of guardian spirit {unknown}
 s - an amulet of rage (around mantle)
 B - a ring of resist corrosion (left tentacle)
Wands
 b - a wand of scattershot (9)
 p - a wand of disintegration (14)
 r - a wand of polymorph (6)
 t - a wand of flame (4)
 F - a wand of digging (9)
Scrolls
 f - 2 scrolls of amnesia
 j - 7 scrolls of teleportation
 m - 2 scrolls of fog
 v - a scroll of remove curse
 A - 2 scrolls of magic mapping
 C - a scroll of blinking {unknown}
Potions
 g - a potion of resistance
 h - 2 potions of flight
 i - 9 potions of curing
 k - a potion of magic
 l - 3 potions of lignification
 q - 2 potions of invisibility
 u - a potion of brilliance {unknown}
 x - a potion of degeneration {unknown}
 D - 3 potions of mutation
 G - a potion of ambrosia
Miscellaneous
 H - a fan of gales
Comestibles
 d - 24 rations
 I - 4 chunks of flesh


   Skills:
 * Level 8.6 Fighting
 + Level 5.9 Long Blades
 + Level 7.8 Maces & Flails
 + Level 4.7 Throwing
 + Level 4.9 Dodging
 + Level 7.7 Stealth
 + Level 4.3 Shields
 * Level 4.2 Spellcasting
 * Level 4.4 Air Magic
 * Level 5.1 Invocations
 * Level 6.7 Evocations


You had 11 spell levels left.
You knew the following spells:

 Your Spells              Type           Power        Failure   Level  Hunger
a - Shock                 Conj/Air       #...         10%         1    #......
b - Swiftness             Chrm/Air       #.......     14%         2    ##.....
c - Airstrike             Air            ##........   36%         4    #####..

Your spell library contained the following spells:

 Spells                   Type           Power        Failure   Level  Hunger
 Confusing Touch          Hex            #.....       24%         1    #......
 Static Discharge         Conj/Air       #.......     28%         3    ###....
 Confuse                  Hex            #.......     56%         3    ###....
 Gell's Gravitas          Tloc           #.........   56%         3    ###....
 Petrify                  Tmut/Erth      #.......     93%         4    #####..
 Lightning Bolt           Conj/Air       #.........   95%         5    ######.
 Metabolic Englaciation   Hex/Ice        #.........   100%        5    ######.
 Yara's Violent Unravell  Hex/Tmut       #.........   100%        5    ######.


Dungeon Overview and Level Annotations

Branches:
Dungeon (10/15)            Temple (1/1) D:6           Sewer (visited)
Ossuary (visited)
   Lair: D:8-11         Orc: D:9-12

Altars:
Ashenzari
Cheibriados
Dithmenos
Elyvilon
Fedhas
Gozag
Hepliaklqana
Kikubaaqudgha
Makhleb
Nemelex Xobeh
Okawaru
Qazlal
Ru
Sif Muna
Trog
Uskayaw
Vehumet
Xom
Yredelemnul
Zin
The Shining One

Shops:
D:5 *


Innate Abilities, Weirdness & Mutations

You cannot wear most types of armour.
You are very stealthy in the water. (Stealth+)
You are amphibious.
You can wear up to eight rings at the same time.
You can use your tentacles to constrict eight enemies at once.
Your skin changes colour to match your surroundings (Stealth+).
Your rubbery body absorbs attacks. (AC +1, EV +1)


Message History

You squeeze the death yak, but do no damage.
The death yak is severely wounded.
The death yak barely misses you.
You barely miss the death yak.
The death yak is severely wounded.
The death yak gores you!!
You hit the death yak. You burn the death yak.
The death yak is severely wounded.
The death yak barely misses you.
You completely miss the death yak. You squeeze the death yak!
The death yak is almost dead.
You barely miss the death yak. Your squeeze misses the death yak.
The death yak is almost dead.
The death yak gores you!!
* * * LOW HITPOINT WARNING * * *
You hit the death yak but do no damage.
The death yak is almost dead.
The death yak barely misses you.
You feel better. The death yak gores you!!
You die...

#..#.......[.....##
#..#............##
#
##)##...........##
##
#..##.........###
##.
###..###.......##
##..
.#########..)##
######### ##...
..............##
#....
#...........)Y##
##...
###.........##@###
#...
###.......###..##
##.. ###....##
##..## ##### #..
####.# ##..###...##
##. ###
###.#.....#####
#........#...
##...........#
##..........###
#............#


You could see a death yak.

Vanquished Creatures
  Gastronok (D:9)
  3 two-headed ogres
  Nergalle (D:10)
  An unseen horror (D:10)
  Pikel (D:8)
  An ugly thing (D:9)
  3 trolls
  A hornet (D:9)
  A human (D:9)
  3 hogs (D:9)
  2 yaks
  The ghost of ghowell the Slasher, an amateur DsMo (D:5)
  A hungry ghost (D:9)
  A slave (D:8)
  3 ice beasts
  2 black bears (D:7)
  A phantom (D:5)
  2 sky beasts (D:10)
  9 ogres
  A necrophage (D:7)
  3 centaurs
  An elf zombie (Ossuary)
  6 bullfrogs
  2 gnoll sergeants
  A scorpion (D:5)
  A water moccasin skeleton (D:9)
  3 killer bees (D:9)
  8 wights
  2 howler monkeys (D:8)
  5 hounds
  3 centaur zombies
  3 jellies
  5 orc wizards
  4 orc priests
  2 quasits
  A centaur skeleton (D:4)
  4 bullfrog skeletons
  An iguana (D:9)
  Ijyb (D:4)
  10 worker ants
  A big kobold zombie (Ossuary)
  A hound skeleton (D:6)
  A howler monkey zombie (D:6)
  4 mummies (Ossuary)
  2 worker ant zombies
  8 adders
  9 gnolls
  11 river rats (Sewer)
  2 shadow imps (D:9)
  An adder skeleton (D:9)
  5 worms
  A dart slug (D:5)
  8 leopard geckos
  27 orcs
  7 giant cockroaches
  8 goblins
  9 hobgoblins
  9 jackals
  5 quokkas
  13 ball pythons
  13 bats
  5 frilled lizards
  2 goblin zombies (Ossuary)
  A jackal skeleton (D:5)
  2 jackal zombies
  22 kobolds
  2 kobold zombies (Ossuary)
  An orc zombie (Ossuary)
  A quokka zombie (D:6)
  23 rats
  4 rat zombies (Ossuary)
313 creatures vanquished.

Vanquished Creatures (collateral kills)
  A sky beast (D:9)
  An adder zombie (D:9)
2 creatures vanquished.

Vanquished Creatures (others)
  A hound (D:9)
  A slave (D:8)
  A centaur (D:9)
  An orc (D:9)
4 creatures vanquished.

Grand Total: 319 creatures vanquished

Notes
Turn   | Place    | Note
-------+----------+-------------------------------------------
     0 | D:1      | Dorkslayer the Octopode Fighter began the quest for the
                  | Orb.
     0 | D:1      | Reached XP level 1. HP: 16/16 MP: 1/1
   166 | D:1      | Reached XP level 2. HP: 16/21 MP: 2/2
   274 | D:1      | Reached skill level 1 in Stealth
   449 | D:2      | Reached XP level 3. HP: 21/26 MP: 3/3
   972 | D:2      | Reached XP level 4. HP: 29/31 MP: 4/4
  1732 | D:3      | Reached XP level 5. HP: 32/37 MP: 5/5
  2035 | D:4      | Reached skill level 1 in Throwing
  2038 | D:4      | Reached XP level 6. HP: 37/43 MP: 6/6
  2049 | D:4      | Reached skill level 4 in Fighting
  2154 | D:4      | Found a glowing drain.
  2186 | Sewer    | Entered a sewer
  2256 | Sewer    | Reached skill level 1 in Evocations
  2727 | Sewer    | Reached XP level 7. HP: 36/49 MP: 8/8
  3579 | D:4      | Noticed Ijyb
  3601 | D:4      | Killed Ijyb
  3829 | D:4      | Found a glowing silver altar of Zin.
  4569 | D:5      | Entered Level 5 of the Dungeon
  4597 | D:5      | Found Vupiny's Serpentskin Sales.
  4822 | D:5      | Reached XP level 8. HP: 29/54 MP: 8/10
  4922 | D:5      | Reached skill level 5 in Fighting
  4957 | D:5      | Reached skill level 5 in Long Blades
  5622 | D:5      | Found a transporter.
  5623 | D:5      | Noticed ghowell's ghost (amateur DsMo)
  5624 | D:5      | Found a transporter.
  5626 | D:5      | Identified the +8 dire flail "Larelaog" {flame, rF+ MR-
                  | Str+5}
  5662 | D:5      | Reached skill level 5 in Stealth
  5668 | D:5      | Killed ghowell's ghost
  5744 | D:6      | Reached skill level 1 in Maces & Flails
  5760 | D:6      | Found a staircase to the Ecumenical Temple.
  5788 | Temple   | Entered the Ecumenical Temple
  5816 | Temple   | Became a worshipper of Dithmenos the Shadowed
  5933 | D:6      | Found a sparkling altar of Nemelex Xobeh.
  5957 | D:6      | Reached XP level 9. HP: 58/62 MP: 11/11
  6183 | D:6      | Reached skill level 6 in Fighting
  6327 | D:6      | Learned a level 1 spell: Shock
  6330 | D:6      | Learned a level 2 spell: Swiftness
  6622 | D:7      | Reached skill level 1 in Invocations
  6633 | D:7      | Reached skill level 1 in Spellcasting
  6750 | D:7      | Reached * piety under Dithmenos
  6759 | D:7      | Found a sand-covered staircase.
  6769 | Ossuary  | Entered an ossuary
  7760 | D:8      | Noticed Pikel
  7782 | D:8      | Killed Pikel
  7782 | D:8      | Reached skill level 5 in Maces & Flails
  7782 | D:8      | Reached skill level 1 in Air Magic
  7782 | D:8      | Reached skill level 5 in Evocations
  7782 | D:8      | Reached XP level 10. HP: 69/69 MP: 13/13
  8099 | D:8      | Reached skill level 7 in Fighting
  8453 | D:9      | Reached ** piety under Dithmenos
  9034 | D:9      | Noticed Gastronok
  9072 | D:9      | Killed Gastronok
  9072 | D:9      | Noticed a red ugly thing
  9079 | D:9      | Killed a red ugly thing
  9272 | D:9      | Reached XP level 11. HP: 75/75 MP: 16/16
  9293 | D:9      | Learned a level 4 spell: Airstrike
  9426 | D:9      | Noticed a two-headed ogre
  9430 | D:9      | Killed a two-headed ogre
  9476 | D:9      | Noticed a two-headed ogre
  9488 | D:9      | Killed a two-headed ogre
  9875 | D:9      | Reached skill level 8 in Fighting
 10005 | D:10     | Entered Level 10 of the Dungeon
 10006 | D:10     | Noticed a death yak
 10149 | D:10     | Killed an unseen horror
 10407 | D:10     | Noticed Nergalle
 10410 | D:10     | Reached *** piety under Dithmenos
 10432 | D:10     | Killed Nergalle
 10453 | D:10     | Noticed a two-headed ogre
 10459 | D:10     | Killed a two-headed ogre
 10459 | D:10     | Reached skill level 5 in Invocations
 10714 | D:10     | Noticed a death yak
 10717 | D:10     | Noticed a death yak
 10739 | D:10     | Slain by a death yak

Levels and vault maps discovered:
D:1:      sevenhm_arrival_forest_fort_small_5, layout_basic
D:2:      layout_basic
D:3:      layout_loops_cross
D:4:      layout_basic, nicolae_overflow_crystal_walls, portal_sewer_entry_f,
          uniq_ijyb
D:5:      layout_loops_corners, first_ration, gammafunk_ghost_smash,
          guppyfry_shop_venom
D:6:      layout_loops_ring, minmay_temple_entry_ruins, minmay_misc_feat_iff,
          nemelex_spade_bored_becter
D:7:      layout_basic, chequers_ossuary_entry_cave
D:8:      layout_basic, uniq_pikel
D:9:      cheibrodos_ideogram_h, layout_loops_ring, grunt_livestock,
          dk_noncrumbling_2, hangedman_decor_lopped, uniq_gastronok
D:10:     layout_cave_pods, dpeg_lair_monsters, hangedman_tree_tricks,
          uniq_urug, uniq_josephine, uniq_nergalle
Temple:   grunt_wide_crystal_templ

Skill      XL: |  1  2  3  4  5  6  7  8  9 10 11 |
---------------+----------------------------------+-----
Stealth        | 1 2 3 4 5 6 7 |  7.7
Long Blades    | 3 4 5 |  5.9
Throwing       | 1 2 3 4 |  4.7
Fighting       | 4 5 6 7 8 |  8.6
Evocations     | 1 2 3 5 6 |  6.7
Shields        | 4 |  4.3
Dodging        | 4 |  4.9
Maces & Flails | 1 5 6 7 |  7.8
Invocations    | 2 4 5 |  5.1
Spellcasting   | 2 3 4 |  4.2
Air Magic      | 1 3 4 |  4.4

Action                   |  1- 3 |  4- 6 |  7- 9 | 10-12 || total
-------------------------+-------+-------+-------+-------++-------
Melee: Long sword        |    61 |   115 |   113 |       ||   289
       Constrict         |    23 |    33 |    57 |    25 ||   138
       Tentacles         |    13 |    27 |    52 |    41 ||   133
       Dire flail        |       |       |   119 |   142 ||   261
Throw: Dart              |       |    58 |    61 |    24 ||   143
       Boomerang         |       |       |       |    19 ||    19
Evoke: Wand              |       |       |    20 |    31 ||    51
  Use: Scroll            |       |    12 |    11 |     2 ||    25
       Potion            |       |     2 |     9 |     6 ||    17
 Stab: Sleeping          |     6 |     9 |    20 |     8 ||    43
       Distracted        |       |       |       |     1 ||     1
  Eat: Chunk             |       |     6 |     9 |     1 ||    16
       Ration            |       |       |     2 |     4 ||     6
Armor: Skin              |    11 |     5 |     8 |     4 ||    28
Dodge: Dodged            |    32 |    40 |   126 |    94 ||   292
Block: Shield            |    41 |    33 |    46 |       ||   120
       Rpst.: Long sword |    14 |    10 |    18 |       ||    42

Table legend:
 A = Non-vault XP
 B = Vault XP
 C = Vault XP percentage of total XP
 D = Non-vault monster count
 E = Vault monster count
 F = Vault count percentage of total count
                 A         B        C        D         E       F
            +---------+---------+-------+---------+---------+-------
      Total |   10371 |    6502 |  38.5 |     212 |     102 |  32.5
            +---------+---------+-------+---------+---------+-------
        D:1 |      33 |       0 |   0.0 |      22 |       0 |   0.0
        D:2 |      66 |       0 |   0.0 |      23 |       0 |   0.0
        D:3 |     107 |       0 |   0.0 |      26 |       0 |   0.0
        D:4 |     314 |      46 |  12.8 |      18 |       6 |  25.0
        D:5 |     795 |     434 |  35.3 |      21 |       6 |  22.2
        D:6 |     952 |       0 |   0.0 |      35 |       0 |   0.0
        D:7 |    1250 |       0 |   0.0 |      21 |       0 |   0.0
        D:8 |     622 |     663 |  51.6 |      11 |       1 |   8.3
        D:9 |    3184 |    3905 |  55.1 |      26 |      24 |  48.0
       D:10 |    3048 |    1030 |  25.3 |       9 |       2 |  18.2
      Sewer |       0 |     217 | 100.0 |       0 |      47 | 100.0
    Ossuary |       0 |     207 | 100.0 |       0 |      16 | 100.0
            +---------+---------+-------+---------+---------+-------
